 Dungeon Crawl Stone Soup version 0.32-a0-932-g546787307d (webtiles) character file.

Game seed: 16899314363636010652

31727 Decritt the Fighter (level 13, -1/125 HPs)
             Began as a Mountain Dwarf Fighter on Apr 14, 2024.
             Was the Champion of the Shining One.
             Killed from afar by a manticore (17 damage)
             ... with a volley of spikes
             ... summoned by Kirke
             ... on level 3 of the Lair of Beasts.
             The game lasted 00:45:04 (14262 turns).

Decritt the Fighter (Mountain Dwarf Fighter)       Turns: 14262, Time: 00:45:05

Health: -1/125     AC:  0    Str: 24    XL:     13   Next: 27%
Magic:  19/19      EV: 12    Int:  9    God:    the Shining One [******]
Gold:   804        SH:  0    Dex:  9    Spells: 12/12 levels left

rFire   . . .        y - melded +1 broad axe
rCold   . . .        P - melded +0 tower shield {rC+}
rNeg    + + +        k - melded +3 crystal plate armour
rPois   .            D - melded +2 helmet of the Swamp {Int+6}
rElec   .            s - melded +0 cloak {rPois}
rCorr   .            M - melded +0 pair of gloves
SInv    .            w - melded +2 pair of boots
Will    +....        u - amulet of regeneration
Stlth   +            f - melded +6 ring of strength
HPRegen 1.20/turn    b - melded +4 ring of protection
MPRegen 0.16/turn

%: no passive effects
@: about to teleport, pig-form, spiked, slowed, glowing, studying Earth Magic
A: fast, no casting, small, runic magic, artefact enchanting
a: Renounce Religion, Divine Shield, Cleansing Flame, Summon Divine Warrior,
Brand Weapon With Holy Wrath


You were on level 3 of the Lair of Beasts.
You worshipped the Shining One.
The Shining One was exalted by your worship.
You were a filthy swine.
You visited 3 branches of the dungeon, and saw 15 of its levels.
You also visited: Gauntlet and Ice Cave.

You collected 1021 gold pieces.
You spent 217 gold pieces at shops.

Inventory:

Hand Weapons
 y - a +1 broad axe (melded)
Armour
 d - a +2 cloak of stealth
 k - a +3 crystal plate armour (melded)
 s - a +0 cloak of poison resistance (melded)
 w - a +2 pair of boots (melded)
 D - the +2 helmet of the Swamp (melded) {Int+6}
   (You found it in a Gauntlet)

   Int+6:     It affects your intelligence (+6).
 M - a +0 pair of gloves (melded)
 P - a +0 tower shield of cold resistance (melded)
Jewellery
 a - a +6 ring of dexterity
 b - a +4 ring of protection (melded)
 f - a +6 ring of strength (melded)
 j - a ring of protection from cold
 l - a ring of magical power
 p - a ring of willpower
 u - an amulet of regeneration (around neck)
 O - a +5 ring of evasion
 R - an amulet of magic regeneration
Wands
 q - a wand of digging (7)
Scrolls
 e - 2 scrolls of enchant weapon
 g - 4 scrolls of teleportation
 m - 2 scrolls of blinking
 o - a scroll of immolation
 t - a scroll of amnesia
 E - 4 scrolls of poison
 K - a scroll of revelation
 N - a scroll of fog
Potions
 c - 2 potions of curing
 h - a potion of attraction
 i - 2 potions of brilliance
 n - 3 potions of resistance
 z - 3 potions of ambrosia
 B - 2 potions of might
 C - 3 potions of berserk rage
 F - 6 potions of enlightenment
 G - a potion of heal wounds
 H - a potion of mutation
 I - a potion of cancellation
Miscellaneous
 v - a tin of tremorstones (2/2)
 S - a phantom mirror


   Skills:
 * Level 14.8 Fighting
 * Level 14.0(14.6) Axes
 - Level 7.2(11.5) Maces & Flails
 + Level 11.1 Armour
 + Level 7.6 Shields
 - Level 9.1 Invocations


You had 12 spell levels left.
You didn't know any spells.
Your spell library contained the following spells:

 Spells                   Type           Power      Damage    Failure   Level
 Summon Small Mammal      Summ           0%         N/A       38%         1
 Jinxbite                 Hex            0%         N/A       52%         2
 Call Canine Familiar     Summ           0%         N/A       77%         3
 Hailstorm                Conj/Ice       0%         3d5       77%         3
 Summon Ice Beast         Ice/Summ       0%         N/A       77%         3
 Animate Armour           Summ/Erth      0%         N/A       99%         4
 Summon Blazeheart Golem  Fire/Summ      0%         N/A       99%         4
 Summon Lightning Spire   Summ/Air       0%         N/A       99%         4
 Lee's Rapid Deconstruct  Erth           0%         3d4*      100%        5
 Yara's Violent Unravell  Hex/Alch       0%         3d3       100%        5
 Permafrost Eruption      Ice/Erth       0%         2x4d1     100%        6
 Sculpt Simulacrum        Ice/Alch       0%         N/A       100%        6
 Enfeeble                 Hex            0%         N/A       100%        7
 Chain Lightning          Conj/Air       0%         N/A       100%        9
 Fire Storm               Conj/Fire      0%         5d1       100%        9
 Shatter                  Erth           0%         3d5*      100%        9


Dungeon Overview and Level Annotations

Branches:
Dungeon (11/15)            Temple (1/1) D:4            Lair (3/5) D:9
  Swamp (0/4) Lair:2       Spider (0/4) Lair:2          Orc (0/2) D:11
  IceCv (visited)         Gauntlet (visited)

Altars:
Ashenzari
Cheibriados
Dithmenos
Elyvilon
Fedhas
Gozag
Hepliaklqana
Kikubaaqudgha
Makhleb
Nemelex Xobeh
Okawaru
Qazlal
Ru
Sif Muna
Trog
Uskayaw
Vehumet
Wu Jian
Xom
Yredelemnul
Zin
The Shining One

Shops:
D:8 :   D:9 [

Annotations:
D:6 1 runed translucent door, whodunnit's ghost, amateur OpSh
Lair:3 Kirke


Innate Abilities, Weirdness & Mutations

You are a filthy swine.
You move quickly.
Your equipment is almost entirely melded.
You are incapable of wielding weapons or throwing items.
You cannot cast spells.
Your spellcasting is much less encumbered by armour.
You can use scrolls of enchantment on lesser artefacts.


Message History

You hit Kirke.
Kirke is severely wounded.
Kirke hits you!
You barely miss Kirke.
Kirke is severely wounded.
Kirke gestures wildly while chanting.
Kirke summons a manticore!
You hit Kirke.
Kirke is severely wounded.
Kirke mumbles some strange words.
Kirke summons a manticore!
You bite Kirke!
Kirke is severely wounded.
Kirke hits you!
The manticore flicks its tail.
The volley of spikes misses you.
You barely miss Kirke.
Kirke is severely wounded.
Kirke hits you! The manticore bites you!
* * * LOW HITPOINT WARNING * * *
The manticore misses you. The manticore claws you.
* * * LOW HITPOINT WARNING * * *
The manticore attacks as it pursues you!
The manticore barely misses you. The manticore claws you!
* * * LOW HITPOINT WARNING * * *
The manticore closely misses you. Kirke attacks as she pursues you!
Kirke hits you!
* * * LOW HITPOINT WARNING * * *
The manticore flicks its tail.
The volley of spikes skewers you!
Barbed spikes become lodged in your body.
* * * LOW HITPOINT WARNING * * *
Okay, then.
As you read the scroll of teleportation, it crumbles to dust.
You feel strangely unstable. Kirke hits you.
* * * LOW HITPOINT WARNING * * *
The manticore flicks its tail.
The volley of spikes skewers you!
More barbed spikes become lodged in your body.
You die...

#+... ... ....... .
....## .. .. ....... ..
....##. .. .......
.#.##.....## .. .......
......#....##.# #####..
........#...#.# #P..
.I...I........# ### ##..
...<...H@H....+..... #...
.I...I...h†.#.#.#....
#... ..........†.#..#
....###.. #.....#.#.†#..#
...##... .##.##....##..#
#.##...
.......##....######[.#...
..)...#..................
...##..>................
... ....................
....................


You could see Kirke and 2 manticores.

Vanquished Creatures
  A reaper (IceCv)
  A quicksilver ooze (Gauntlet)
  A minotaur (Gauntlet)
  Erica (D:10)
  A centaur warrior (D:10)
  A boulder beetle (D:10)
  A deep troll earth mage (D:10)
  4 two-headed ogres
  A skyshark (Lair:3)
  A pharaoh ant (Lair:2)
  A bog body (Lair:2)
  A cyclops (D:8)
  2 black mambas
  An ice statue (IceCv)
  Joseph (D:8)
  A rust devil (Gauntlet)
  3 cane toads
  2 gargoyles (D:10)
  3 komodo dragons
  An anaconda simulacrum (IceCv)
  2 ice devils (Lair:1)
  A freezing wraith (IceCv)
  3 rime drakes
  2 trolls (D:11)
  2 tarantellas (Lair:2)
  4 blink frogs (Lair:1)
  2 wyverns
  A spriggan (D:8)
  Sigmund (D:2)
  A dire elephant simulacrum (IceCv)
  3 wraiths
  Eustachio (D:4)
  5 hogs (Lair:3)
  A neqoxec (Gauntlet)
  A ynoxinul (Gauntlet)
  28 yaks
  Grum (D:8)
  A redback (Lair:2)
  3 basilisks
  5 death yak simulacra (IceCv)
  7 steam dragons
  3 chaos spawn (Gauntlet)
  Menkaure (D:6)
  7 water moccasins
  Duvessa (D:4)
  A swamp drake (D:11)
  4 orc warriors
  An ice beast (D:7)
  A sky beast (D:7)
  5 ogres
  7 centaurs
  11 wolves
  A kobold brigand (D:6)
  Blork the orc (D:5)
  6 bullfrogs
  A cane toad simulacrum (IceCv)
  7 two-headed ogre simulacra (IceCv)
  2 gnoll sergeants
  2 scorpions
  Dowan (D:4)
  3 wights (D:9)
  2 elephant simulacra (IceCv)
  9 killer bees
  3 electric eels (Lair:2)
  3 bombardier beetles
  2 hounds
  5 jellies
  6 orc priests
  Crazy Yiuf (D:3)
  4 iron imps (Gauntlet)
  A sleepcap (D:7)
  3 iguanas
  Ijyb (D:3)
  Natasha (twice) (D:2)
  4 orc wizards
  7 spriggan simulacra (IceCv)
  7 troll simulacra (IceCv)
  A polar bear simulacrum (IceCv)
  2 wolf simulacra (IceCv)
  Robin (D:2)
  4 adders
  12 gnolls
  5 naga simulacra (IceCv)
  4 white imps (IceCv)
  2 ufetubi (IceCv)
  2 dart slugs
  A ribbon worm (D:5)
  27 orcs
  3 bats
  4 endoplasms
  4 giant cockroaches
  20 goblins
  10 hobgoblins
  17 kobolds
  2 quokkas
  7 ball pythons
  2 frilled lizards
  9 rats
369 creatures vanquished.

Vanquished Creatures (collateral kills)
  An endoplasm (D:4)
1 creature vanquished.

Vanquished Creatures (others)
  Prince Ribbit (D:8)
  An orc priest (D:8)
2 creatures vanquished.

Grand Total: 372 creatures vanquished

Notes
Turn   | Place    | Note
-------+----------+-------------------------------------------
     0 | D:1      | Decritt the Mountain Dwarf Fighter began the quest for the
                  | Orb.
     0 | D:1      | Reached XP level 1. HP: 19/19 MP: 1/1
   288 | D:1      | Reached XP level 2. HP: 26/26 MP: 2/2
   490 | D:1      | Reached XP level 3. HP: 25/33 MP: 3/3
   661 | D:2      | Noticed Natasha
   667 | D:2      | Killed Natasha
   784 | D:2      | Noticed Robin
   800 | D:2      | Reached XP level 4. HP: 29/40 MP: 4/4
   815 | D:2      | Killed Robin
  1095 | D:2      | Noticed Sigmund
  1118 | D:2      | Killed Sigmund
  1119 | D:2      | Reached skill level 5 in Fighting
  1119 | D:2      | Reached XP level 5. HP: 42/48 MP: 5/5
  1519 | D:2      | Noticed Natasha
  1532 | D:2      | Killed Natasha
  1533 | D:2      | Reached XP level 6. HP: 47/56 MP: 6/6
  1774 | D:3      | Found a runed translucent door.
  1775 | D:3      | Noticed Crazy Yiuf
  1785 | D:3      | Killed Crazy Yiuf
  1999 | D:3      | Noticed Ijyb
  2027 | D:3      | Killed Ijyb
  2155 | D:3      | Found a bloodstained altar of Trog.
  2333 | D:3      | Found a basalt altar of Yredelemnul.
  2781 | D:4      | Noticed Eustachio
  2826 | D:4      | Killed Eustachio
  2827 | D:4      | Reached XP level 7. HP: 56/63 MP: 7/7
  2999 | D:4      | Found a staircase to the Ecumenical Temple.
  3008 | Temple   | Entered the Ecumenical Temple
  3017 | Temple   | Became a worshipper of Elyvilon the Healer
  3175 | D:4      | Reached skill level 5 in Armour
  3175 | D:4      | Reached skill level 5 in Shields
  3248 | D:4      | Noticed Duvessa
  3251 | D:4      | Noticed Dowan
  3259 | D:4      | Killed Duvessa
  3273 | D:4      | Killed Dowan
  3274 | D:4      | Reached skill level 5 in Axes
  3516 | D:4      | Identified a scroll of acquirement
  3516 | D:4      | Acquired a +1 crystal plate armour
  3814 | D:4      | Paralysed by a kobold for 2 turns
  3879 | D:5      | Entered Level 5 of the Dungeon
  3972 | D:5      | Reached skill level 1 in Invocations
  3972 | D:5      | Reached XP level 8. HP: 19/73 MP: 8/8
  4034 | D:5      | Noticed Blork the orc
  4175 | D:5      | Killed Blork the orc
  4229 | D:5      | Reached * piety under Elyvilon
  4543 | D:6      | Noticed Menkaure
  4553 | D:6      | Killed Menkaure
  4941 | D:6      | Found a runed translucent door.
  4941 | D:6      | Found a shimmering altar of Xom.
  4941 | D:6      | Noticed whodunnit's ghost (amateur OpSh)
  4942 | D:6      | Noticed a +2 trident of chaos
  5245 | D:7      | HP: 3/75 [poisoned by an orc warrior]
  5250 | D:7      | Reached XP level 9. HP: 13/82 MP: 11/11
  5377 | D:7      | Reached ** piety under Elyvilon
  5898 | D:8      | Found a shimmering altar of Xom.
  5980 | D:8      | Found a radiant altar of Vehumet.
  5989 | D:8      | Noticed Prince Ribbit
  5989 | D:8      | Noticed a cyclops
  6024 | D:8      | HP: 3/84 [Prince Ribbit (11)]
  6024 | D:8      | Elyvilon protects you from harm!
  6041 | D:8      | Killed Prince Ribbit
  6042 | D:8      | Reached skill level 5 in Invocations
  6104 | D:9      | Found Ruogh's Antique Armour Boutique.
  6232 | D:8      | Killed a cyclops
  6489 | D:8      | Reached skill level 10 in Fighting
  6504 | D:8      | Reached XP level 10. HP: 69/93 MP: 14/14
  6762 | D:8      | Found Mayriblu's Book Emporium.
  6767 | D:8      | Noticed Joseph
  6781 | D:8      | Killed Joseph
  6782 | D:8      | Reached skill level 10 in Axes
  7073 | D:8      | Noticed a two-headed ogre
  7073 | D:8      | Noticed a two-headed ogre
  7087 | D:8      | Killed a two-headed ogre
  7119 | D:8      | Killed a two-headed ogre
  7291 | D:8      | Found the +8 pair of quick blades "Gyre" and "Gimble"
                  | {protect}
  7526 | D:8      | Noticed Grum
  7550 | D:8      | Killed Grum
  8049 | D:9      | Found a staircase to the Lair.
  8122 | D:9      | Bought a pair of runed boots for 217 gold pieces
  8153 | D:9      | Reached *** piety under Elyvilon
  8455 | D:9      | Found a shadowy altar of Dithmenos.
  8487 | D:9      | Found a broken altar of Ashenzari.
  8581 | D:9      | Reached XP level 11. HP: 81/102 MP: 16/16
  9300 | D:10     | Entered Level 10 of the Dungeon
  9302 | D:10     | Found a glowing golden altar of the Shining One.
  9349 | D:10     | Fell from the grace of Elyvilon
  9349 | D:10     | Became a worshipper of the Shining One
  9349 | D:10     | Reached * piety under the Shining One
  9509 | D:10     | Noticed a boulder beetle
  9510 | D:10     | Noticed a deep troll earth mage
  9519 | D:10     | Noticed Erica
  9571 | D:10     | Killed a deep troll earth mage
  9648 | D:10     | Noticed a two-headed ogre
  9657 | D:10     | Killed a two-headed ogre
  9679 | D:10     | Noticed a two-headed ogre
  9697 | D:10     | Killed a two-headed ogre
  9759 | D:10     | Killed a boulder beetle
  9765 | D:10     | Killed Erica
 10190 | D:11     | Noticed a centaur warrior
 10196 | D:10     | Reached skill level 1 in Maces & Flails
 10258 | D:10     | Killed a centaur warrior
 10308 | D:11     | Found a gate leading to a gauntlet.
 10313 | Gauntlet | Entered a Gauntlet
 10313 | Gauntlet | Found a transporter.
 10313 | Gauntlet | Found a transporter.
 10314 | Gauntlet | Found a transporter.
 10327 | Gauntlet | Found a transporter.
 10327 | Gauntlet | Found a transporter.
 10333 | Gauntlet | Reached ** piety under the Shining One
 10335 | Gauntlet | Found a transporter.
 10338 | Gauntlet | Found a transporter.
 10340 | Gauntlet | Noticed a quicksilver ooze
 10346 | Gauntlet | Found a transporter.
 10364 | Gauntlet | Found a transporter.
 10381 | Gauntlet | Found a transporter.
 10384 | Gauntlet | Found a transporter.
 10397 | Gauntlet | Found a transporter.
 10398 | Gauntlet | Noticed an oklob plant
 10400 | Gauntlet | Noticed a tengu warrior
 10502 | Gauntlet | Paralysed by a chaos spawn for 1 turns
 10527 | Gauntlet | Killed a quicksilver ooze
 10534 | Gauntlet | Identified the +2 helmet of the Swamp {Int+6}
 10567 | Gauntlet | Identified the +8 sling of Contention {flame, rF+ Will+
                  | Str+3 SInv}
 10567 | Gauntlet | Noticed a minotaur
 10575 | Gauntlet | Killed a minotaur
 10576 | Gauntlet | Reached skill level 5 in Maces & Flails
 10576 | Gauntlet | Reached XP level 12. HP: 29/113 MP: 18/18
 11104 | D:11     | Paralysed by an orc for 4 turns
 11131 | D:11     | Found a staircase to the Orcish Mines.
 11662 | Lair:1   | Entered Level 1 of the Lair of Beasts
 11674 | Lair:1   | Reached skill level 10 in Armour
 11697 | Lair:1   | Reached *** piety under the Shining One
 11698 | Lair:1   | Found a frozen archway.
 11722 | IceCv    | Entered an ice cave
 11837 | IceCv    | Reached **** piety under the Shining One
 11936 | IceCv    | Reached ***** piety under the Shining One
 12101 | IceCv    | Noticed a reaper
 12112 | IceCv    | Killed a reaper
 13220 | Lair:2   | Found a hole to the Spider Nest.
 13260 | Lair:2   | Reached XP level 13. HP: 125/125 MP: 19/19
 13434 | Lair:2   | Reached ****** piety under the Shining One
 13854 | Lair:2   | Found a staircase to the Swamp.
 14239 | Lair:3   | Noticed Kirke
 14262 | Lair:3   | Killed from afar by a manticore

Illustrated notes

Levels and vault maps discovered:
D:1:      matt_arrival_diagonals, layout_basic
D:2:      layout_loops_ring, chequers_serial_rivers_marsh, uniq_natasha,
          uniq_sigmund, uniq_robin
D:3:      layout_loops_corners, lemuel_doored_altar, trog_three_pillars_becter,
          uniq_ijyb, uniq_crazy_yiuf_cottage
D:4:      layout_loops_corners, minmay_temple_entry_junction_2,
          minmay_misc_feat_plants, uniq_duvessa, uniq_eustachio
D:5:      layout_rooms, uniq_blork_the_orc
D:6:      cheibrodos_thug_alley, layout_loops_ring, ebering_ghost_xom,
          uniq_menkaure
D:7:      layout_cave_pools
D:8:      layout_rooms, mainiacjoe_overflow_concentric_impassable,
          nicolae_overflow_crystal_walls, serial_shops, shop_fountains,
          enter_bailey_3, hellmonk_guarded_unrand_gyre_and_gimble, uniq_grum,
          uniq_prince_ribbit1, uniq_joseph
D:9:      layout_cave_pools, mainiacjoe_overflow_two_lobes, dpeg_oklobed_lair,
          serial_shops, shop
D:10:     minmay_roctagon, layout_cave_pools, lemuel_tele_altar, uniq_erica
D:11:     layout_basic, erik_orc_1, gauntlet_entry_generic, grunt_ministairs_2,
          corexii_hall_statues_t, lemuel_flame_loot_1
Temple:   nicolae_temple_no_exploring_needed
Lair:1:   layout_roguey, portal_ice_cave_demonic_guard
Lair:2:   layout_regular_city, nicolae_swamp_entry_splash_gauntlet,
          nicolae_spider_entry_lesser_pyramids
Lair:3:   layout_regular_city, infiniplex_staircase_pool_2, grunt_megastairs_2,
          uniq_kirke

Skill      XL: |  1  2  3  4  5  6  7  8  9 10 11 12 13 |
---------------+----------------------------------------+-----
Fighting       | 4 5 6 7 8 10 11 12 14 | 14.8
Axes           | 3 4 5 7 9 11 12 13 14 | 14.0
Armour         | 4 5 6 7 8 9 10 11 | 11.1
Shields        | 4 5 6 7 |  7.6
Invocations    | 1 3 5 7 9 |  9.1
Maces & Flails | 5 7 |  7.2

Action                     |  1- 3 |  4- 6 |  7- 9 | 10-12 | 13-15 || total
---------------------------+-------+-------+-------+-------+-------++-------
  Melee: War axe           |    75 |   198 |   346 |    86 |       ||   705
         Pair of quick bla |       |       |       |   120 |       ||   120
         Mace              |       |       |       |   126 |       ||   126
         Broad axe         |       |       |       |   207 |    77 ||   284
         Maul              |       |       |       |   140 |       ||   140
         Unarmed           |       |       |       |       |    10 ||    10
 Invoke: Purification      |       |       |       |     3 |       ||     3
         Divine Shield     |       |       |       |     2 |       ||     2
         Heal Self         |       |       |       |     2 |       ||     2
    Use: Potion            |       |     1 |    10 |     2 |       ||    13
         Scroll            |       |     3 |    16 |     6 |     7 ||    32
 Armour: Scale mail        |    59 |    19 |       |       |       ||    78
         Chain mail        |       |   178 |   102 |       |       ||   280
         Crystal plate arm |       |       |   334 |  1143 |    70 ||  1547
         Skin              |       |       |     1 |       |    13 ||    14
  Dodge: Dodged            |    33 |    79 |    69 |   231 |    19 ||   431
  Block: Buckler           |    16 |    49 |    78 |   104 |       ||   247
         Other             |       |       |       |     6 |       ||     6
         Tower shield      |       |       |       |    82 |    58 ||   140

Table legend: (Time is in decaauts)
 A = Elapsed time spent in this place.
 B = Non-inter-level travel time spent in this place.
 C = Inter-level travel time spent in this place.
 D = Time resting spent in this place.
 E = Time spent auto-exploring this place.
 F = Levels seen in this place.
 G = Mean time per level.
                   A        B        C        D        E       F      G
               +--------+--------+--------+--------+--------+-----+--------+
         Total |  14742 |  14203 |    539 |   2345 |   8193 |  17 |  867.2 |
       Dungeon |  11482 |  10994 |    488 |   2269 |   6043 |  11 | 1043.8 |
        Temple |     20 |     20 |      0 |      0 |      0 |   1 |   20.0 |
          Lair |   2035 |   1985 |     50 |      9 |   1538 |   3 |  678.3 |
      Ice Cave |    731 |    731 |      0 |      0 |    426 |   1 |  731.0 |
      Gauntlet |    471 |    471 |      0 |     67 |    185 |   1 |  471.0 |
               +--------+--------+--------+--------+--------+-----+--------+

Top non-repeatable levels by time:
     D:8: 2171 daAuts
     D:4: 1248 daAuts
     D:9: 1237 daAuts
     D:3: 1141 daAuts
     D:2: 1065 daAuts
    D:11: 1010 daAuts
    D:10: 1001 daAuts
  Lair:1: 947 daAuts
     D:6: 874 daAuts
  Lair:2: 783 daAuts
   IceCv: 731 daAuts
     D:1: 634 daAuts
     D:7: 590 daAuts
     D:5: 506 daAuts
Gauntlet: 471 daAuts
